 Dungeon Crawl Stone Soup version 0.25-a0-737-g26c3a87c45 (webtiles) character file.

Game seed: 17745102002564911238, levelgen mode: deterministic

163 wvc the Slasher (level 5, -2/41 HPs)
             Began as a Barachi Fighter on Apr 12, 2020.
             Killed by divine providence
             ... invoked by an orc priest
              (14 damage)
             ... on level 3 of the Dungeon.
             The game lasted 00:06:20 (2883 turns).

wvc the Slasher (Barachi Fighter)                   Turns: 2883, Time: 00:06:21

Health: -2/41      AC:  7    Str: 17    XL:     5   Next: 44%
Magic:  5/5        EV:  7    Int:  8    God:
Gold:   75         SH:  8    Dex: 13    Spells: 4/4 levels left

rFire    . . .     SeeInvis .   a - +0 long sword
rCold    . . .     Gourm    .   c - +0 kite shield
rNeg     . . .     Faith    .   e - +0 ring mail
rPois    .         Spirit   .   g - +1 helmet
rElec    .         Reflect  .   (no cloak)
rCorr    .         Harm     .   (no gloves)
MR       .....                  (no boots)
Stlth    +.........             (no amulet)
HPRegen  0.13/turn              (no ring)
MPRegen  0.09/turn              (no ring)

@: drained, slow
A: +LOS, swims, slowness 1, strong legs 1
a: Hop


You were on level 3 of the Dungeon.
You were not hungry.

You visited 1 branch of the dungeon, and saw 4 of its levels.

You collected 75 gold pieces.

Inventory:

Hand Weapons
 a - a +0 long sword (weapon)
Missiles
 l - 6 boomerangs (quivered)
Armour
 c - a +0 kite shield (worn)
 e - a +0 ring mail (worn)
 g - a +1 helmet (worn)
Jewellery
 i - an uncursed amulet of harm
Scrolls
 b - 3 scrolls of remove curse
 o - a scroll of enchant armour
Potions
 d - a potion of might
 j - 2 potions of curing
 k - 2 potions of berserk rage
 m - a potion of invisibility
 p - 2 potions of magic {unknown}
 q - a potion of heal wounds {unknown}
Comestibles
 f - 2 rations
 h - 5 chunks of flesh


   Skills:
 - Level 3.6(2.8) Fighting
 + Level 6.6(5.7) Long Blades
 - Level 3.6(2.8) Armour
 - Level 3.2(2.5) Shields


You had 4 spell levels left.
You didn't know any spells.
Your spell library contained the following spells:

 Spells                   Type           Power        Failure   Level  Hunger
 Confusing Touch          Hex            #.......     100%        3    ####...
 Gell's Gravitas          Tloc           #.........   100%        3    ####...
 Petrify                  Tmut/Erth      #.......     100%        4    #####..
 Metabolic Englaciation   Hex/Ice        #.........   100%        5    ######.
 Yara's Violent Unravell  Hex/Tmut       #.........   100%        5    ######.


Dungeon Overview and Level Annotations

Branches:
Dungeon (4/15)
 Temple: D:4-7

Altars:


Innate Abilities, Weirdness & Mutations

You can be seen from farther away. (+LOS)
You can swim through water.
You cover ground slowly.
You can hop short distances.


Message History

You feel less confused. The orc priest completely misses you.
You hit the orc priest.
The orc priest is severely wounded.
The orc priest barely misses you.
You riposte.
You hit the orc priest.
The orc priest is almost dead.
You block the orc's attack.
The orc priest calls down the wrath of Beogh upon you.
Beogh smites you!
You closely miss the orc priest.
The orc priest is almost dead.
The orc hits you with a +0 hand axe.
The orc priest hits you with a +0 war axe.
* * * LOW HITPOINT WARNING * * *
You hit the orc priest but do no damage.
The orc priest is almost dead.
The orc hits you but does no damage.
The orc priest calls down the wrath of Beogh upon you.
Beogh smites you!
You die...

#....#####..(.....##............
#....##..(........##............
#...............................
#.......###.......###..#........
#....#### ##.....).#.....(......
#....# #.....................
#....# #....>......######..#.
###### #...oo......# #.....
##...@.#....# #.....
##....##...# #..... #.....##...#
#..... #....####### ######
#....# #....# #....# ######


You could see an orc priest and an orc.

Vanquished Creatures
  An orc wizard (D:2)
  A worker ant (D:2)
  3 adders
  An ooze (D:1)
  A leopard gecko (D:1)
  6 orcs
  6 bats
  3 giant cockroaches (D:2)
  14 goblins
  7 hobgoblins
  9 jackals
  8 kobolds
  A quokka (D:3)
  5 frilled lizards
  7 rats
73 creatures vanquished.

Notes
Turn   | Place    | Note
-------+----------+-------------------------------------------
     0 | D:1      | wvc the Barachi Fighter began the quest for the Orb.
     0 | D:1      | Reached XP level 1. HP: 18/18 MP: 1/1
    25 | D:1      | Reached skill level 3 in Long Blades
    43 | D:1      | Reached XP level 2. HP: 13/24 MP: 2/2
   428 | D:1      | Reached skill level 4 in Long Blades
   428 | D:1      | Reached XP level 3. HP: 29/29 MP: 3/3
  1196 | D:2      | Reached skill level 5 in Long Blades
  1419 | D:2      | Reached XP level 4. HP: 36/36 MP: 4/4
  2195 | D:2      | Reached skill level 6 in Long Blades
  2195 | D:2      | Reached XP level 5. HP: 19/41 MP: 5/5
  2492 | D:3      | meem: I'm meem, an infobot run by MalcolmRoseGaming: Type
                  | !submeem to keep me in your games; !nomeem to shut me up
                  | forever; !meem for help; !whymeem if you want to know why
                  | meem exists. Visit http://youtube.com/malcolmrosegaming for
                  | more DCSS content.
  2883 | D:3      | Killed from afar by an orc priest

Levels and vault maps discovered:
D:1:      mrwooster_arrival_arrow, layout_loops_ring,
          chequers_serial_rivers_room_b, st_stairs_8
D:2:      layout_rooms
D:3:      layout_rooms
D:4:      layout_cave_pools, saegor_snake_ambush

Skill      XL: |  1  2  3  4 |
---------------+-------------+-----
Long Blades    | 3 4 5 6 |  6.6
Fighting       | |  3.6
Armour         | |  3.6
Shields        | |  3.2

Action                   |  1- 3 |  4- 6 || total
-------------------------+-------+-------++-------
Melee: Long sword        |   133 |   119 ||   252
Throw: Boomerang         |       |     6 ||     6
  Use: Scroll            |     3 |     5 ||     8
       Potion            |       |     1 ||     1
  Eat: Chunk             |     2 |     6 ||     8
Armor: Scale mail        |    30 |       ||    30
       Leather armour    |    19 |     2 ||    21
       Ring mail         |       |    48 ||    48
Dodge: Dodged            |    42 |    51 ||    93
Block: Kite shield       |    63 |    70 ||   133
       Rpst.: Long sword |    20 |    17 ||    37

Table legend:
 A = Non-vault XP
 B = Vault XP
 C = Vault XP percentage of total XP
 D = Non-vault monster count
 E = Vault monster count
 F = Vault count percentage of total count
                 A         B        C        D         E       F
            +---------+---------+-------+---------+---------+-------
      Total |     230 |       3 |   1.3 |      71 |       2 |   2.7
            +---------+---------+-------+---------+---------+-------
        D:1 |      40 |       3 |   7.0 |      22 |       2 |   8.3
        D:2 |     137 |       0 |   0.0 |      29 |       0 |   0.0
        D:3 |      50 |       0 |   0.0 |      19 |       0 |   0.0
        D:4 |       3 |       0 |   0.0 |       1 |       0 |   0.0
            +---------+---------+-------+---------+---------+-------
